[Event "Titled Tuesday Blitz March 21 Late 2023"]
[White "Todev, Simeon"]
[Black "Sztokbant, Bernardo Vainzoff"]
[WhiteFideId "2925133"]
[BlackFideId "2115956"]
[WhiteElo "1938"]
[BlackElo "2222"]
[Result "0-1"]
[Round "02"]
[TimeControl "180+2"]
[Date "2023.03.21"]
[WhiteClock "0:00:03"]
[BlackClock "0:00:34"]

1. e4 c5 2. Nf3 d6 3. c3 Nf6 4. Bd3 g6 5. Bc2 Bg7 6. O-O O-O 7. d4 Nc6 8. Re1 cxd4 9. cxd4 Bg4 10. Be3 Nd7 11. Nc3 Rc8 12. Ba4 Qa5 13. Bxc6 bxc6 14. h3 Bxf3 15. Qxf3 Rb8 16. e5 dxe5 17. Qxc6 exd4 18. Bxd4 Bxd4 19. Qxd7 Qb6 20. Re2 e6 21. Ne4 Rfd8 22. Qe7 Qb5 23. Rd2 Qe5 24. Re1 Kg7 25. Rde2 Qd5 26. Ng5 Rd7 27. Nxe6+ Kg8 28. Qh4 fxe6 29. Rxe6 Rf8 30. Re8 Rf7 31. Rxf8+ Rxf8 32. Re2 Qc4 33. Rd2 Qc1+ 34. Kh2 Qxd2 35. Qe4 Qxf2 36. Qe6+ Kg7 37. Qd7+ Rf7 38. Qd5 Qf4+ 39. Kh1 Qf1+ 40. Kh2 Bg1+ 41. Kg3 Qf4# 0-1


[Site "https://www.chess.com"]

[Event "Titled Tuesday Blitz March 21 Late 2023"]
[White "Golubev, Mikhail"]
[Black "Skaric, Djuro"]
[WhiteFideId "14100983"]
[BlackFideId "934569"]
[WhiteElo "2374"]
[BlackElo "2282"]
[Result "1-0"]
[Round "02"]
[TimeControl "180+2"]
[Date "2023.03.21"]
[WhiteClock "0:00:07"]
[BlackClock "0:00:32"]

1. e4 d6 2. d4 g6 3. c4 Bg7 4. Nc3 Nf6 5. Be2 O-O 6. Be3 Nc6 7. d5 Ne5 8. f4 Ned7 9. Nf3 e5 10. fxe5 Nxe5 11. Nxe5 dxe5 12. O-O Ne8 13. c5 h6 14. Qd2 Kh7 15. Rad1 f5 16. exf5 gxf5 17. d6 cxd6 18. cxd6 Bd7 19. Nd5 Nxd6 20. Nc3 Rf6 21. Bc5 Bf8 22. Qe3 b6 23. Bxd6 Bxd6 24. Kh1 Rc8 25. Bd3 Qf8 26. Nd5 Rf7 27. Bb1 Bc5 28. Qxe5 Re8 29. Qf4 Re2 30. Nc3 Re3 31. Rxd7 Kh8 32. Rxf7 Qxf7 33. Bxf5 a6 34. Ne4 Re2 35. Qe5+ Kg8 36. Be6 Rf2 37. Bxf7+ Kf8 38. Rxf2 Bxf2 39. Qe8+ Kg7 40. Qg8# 1-0


[Site "https://www.chess.com"]

[Event "Titled Tuesday Blitz March 21 Late 2023"]
[White "Astafurov, Arseniy"]
[Black "Albuquerque Junior,Wellington S."]
[WhiteFideId "24175218"]
[BlackFideId "2151480"]
[WhiteElo "2163"]
[BlackElo "2109"]
[Result "1-0"]
[Round "02"]
[TimeControl "180+2"]
[Date "2023.03.21"]
[WhiteClock "0:00:03"]
[BlackClock "0:00:01"]

1. c4 Nf6 2. Nc3 c5 3. Nf3 g6 4. e3 Bg7 5. d4 cxd4 6. exd4 d5 7. Qb3 dxc4 8. Bxc4 O-O 9. Ne5 e6 10. Be3 Nbd7 11. Nxf7 Rxf7 12. Bxe6 Qe7 13. O-O Nb6 14. Bxf7+ Qxf7 15. d5 Nbxd5 16. Rad1 Nxe3 17. Rd8+ Bf8 18. fxe3 Qxb3 19. axb3 Nd7 20. Nd5 Kg7 21. b4 Bd6 22. Rc1 Nb6 23. Rxd6 Nxd5 24. Rxd5 Bf5 25. Rc7+ Kh6 26. Re5 Rd8 27. Rxb7 Rd1+ 28. Kf2 Rd2+ 29. Kg3 Rxb2 30. Ree7 Kg5 31. h4+ Kf6 32. e4 Bc8 33. Kf4 Rf2+ 34. Ke3 Rxg2 35. Rf7+ Ke6 36. Rbe7+ Kd6 37. e5+ Kd5 38. Rc7 Bf5 39. Rxh7 Kxe5 40. Rxa7 Rg3+ 41. Kf2 Rb3 42. Rab7 Kf4 43. Ke2 Rb2+ 44. Kd1 Kg4 45. b5 Be4 46. Rb8 Bf3+ 47. Kc1 Rb4 48. b6 Kf4 49. b7 Kg4 50. Kc2 Rb6 51. Kc3 Kg3 52. Kc4 Rb1 53. Kc5 Rc1+ 54. Kd4 Rd1+ 55. Ke5 Rb1 56. Rg7 Rb5+ 57. Kd4 Rb6 58. Kc5 Rb1 59. Rbg8 Kxh4 60. b8=Q Rc1+ 61. Kd4 1-0


[Site "https://www.chess.com"]

[Event "Titled Tuesday Blitz March 21 Late 2023"]
[White "Harish, Neeraj"]
[Black "Kaplan, Avi Harrison"]
[WhiteFideId "30958130"]
[BlackFideId "30934559"]
[WhiteElo "1963"]
[BlackElo "1983"]
[Result "0-1"]
[Round "02"]
[TimeControl "180+2"]
[Date "2023.03.21"]
[WhiteClock "0:00:21"]
[BlackClock "0:00:33"]

1. e4 Nc6 2. Nf3 Nf6 3. e5 Nd5 4. d4 d6 5. c4 Nb6 6. exd6 exd6 7. Be3 Bg4 8. Be2 Be7 9. O-O O-O 10. h3 Bh5 11. Nc3 d5 12. c5 Nc8 13. Qb3 b6 14. Nxd5 Na5 15. Nxe7+ Nxe7 16. Qc2 Bg6 17. Qd2 Nd5 18. b4 Nc6 19. b5 Nce7 20. Rfd1 Nf5 21. c6 Re8 22. Bf4 Nxf4 23. Qxf4 Rxe2 24. Re1 Rxe1+ 25. Rxe1 Qd6 26. Qxd6 Nxd6 27. Re7 Nxb5 28. a4 Nc3 29. Rxc7 Be4 30. Ne5 Ne2+ 31. Kf1 Nxd4 32. Nxf7 Bxc6 33. Ne5 Bxa4 0-1


[Site "https://www.chess.com"]

[Event "Titled Tuesday Blitz March 21 Late 2023"]
[White "Erdogan, Anil Berk"]
[Black "Stanisz, Patryk"]
[WhiteFideId "6348173"]
[BlackFideId "1123106"]
[WhiteElo "2007"]
[BlackElo "2069"]
[Result "1-0"]
[Round "02"]
[TimeControl "180+2"]
[Date "2023.03.21"]
[WhiteClock "0:00:19"]
[BlackClock "0:00:03"]

1. e4 c5 2. Nf3 Nc6 3. d4 cxd4 4. Nxd4 Nf6 5. Nc3 e5 6. Ndb5 d6 7. Nd5 Nxd5 8. exd5 Ne7 9. c3 Nf5 10. Bd3 Be7 11. O-O O-O 12. c4 Nh4 13. f4 a6 14. Nc3 exf4 15. Bxf4 Qb6+ 16. Kh1 Qxb2 17. Ne2 Bg4 18. h3 Bh5 19. Qc1 Qxc1 20. Rfxc1 Ng6 21. Bh2 Ne5 22. Bxe5 dxe5 23. c5 e4 24. Nf4 exd3 25. Nxh5 d2 26. Rc2 Bg5 27. h4 Rfe8 28. hxg5 Re1+ 29. Kh2 d1=Q 30. Rxd1 Rxd1 31. d6 Rc8 32. Nf4 Rxd6 33. Rb2 Rxc5 34. Rxb7 Rd8 35. Nd3 Rxg5 36. Nb4 Rh5+ 37. Kg3 Ra5 38. Nc6 Ra3+ 39. Kh2 Re8 40. Rb2 h6 41. Rc2 Rf8 42. Ne7+ Kh7 43. Nf5 Re8 44. Nd6 Ree3 45. Nxf7 Re1 46. Nd6 Ra1 47. Nf5 R1xa2 48. Rc7 Kg6 49. Nxg7 h5 50. Ne8 Rb2 51. Rg7+ Kf5 52. Nd6+ Kf4 53. Nc4 Raa2 54. Nxb2 Rxb2 55. Rf7+ Kg5 56. Ra7 Ra2 57. Rc7 a5 58. Rc5+ Kg4 59. Rc4+ Kg5 60. Kh3 a4 61. Rc5+ Kg6 62. g3 a3 63. Ra5 Ra1 64. Kg2 Kf6 65. Rxh5 Kg6 66. Ra5 Kf6 67. Kf3 Kg6 68. Kg4 Kf6 69. Ra6+ Kg7 70. Kg5 Kf7 71. g4 Kg7 72. Ra7+ Kf8 73. Kf6 a2 74. Ra8# 1-0


[Site "https://www.chess.com"]

[Event "Titled Tuesday Blitz March 21 Late 2023"]
[White "Onslow, Alfie"]
[Black "Khandelwal, Ankush"]
[WhiteFideId "436976"]
[BlackFideId "413470"]
[WhiteElo "2114"]
[BlackElo "2263"]
[Result "1-0"]
[Round "02"]
[TimeControl "180+2"]
[Date "2023.03.21"]
[WhiteClock "0:00:25"]
[BlackClock "0:00:02"]

1. Nf3 Nf6 2. c4 g6 3. b3 Bg7 4. Bb2 O-O 5. g3 d6 6. d4 e5 7. dxe5 Ng4 8. Bg2 Nc6 9. O-O Ngxe5 10. Nxe5 Nxe5 11. Qc1 Re8 12. Nd2 Bg4 13. Nf3 Bxf3 14. Bxf3 Nxf3+ 15. exf3 Bxb2 16. Qxb2 Qg5 17. Rfe1 a5 18. Kg2 h5 19. Qd4 a4 20. b4 Qf5 21. Rac1 b6 22. Qd5 Qf6 23. Qc6 Rec8 24. Re2 Kf8 25. Rce1 Qc3 26. b5 Qf6 27. Qd7 Kg7 28. Re7 a3 29. f4 Rf8 30. Qc6 Qb2 31. Rxc7 Qxa2 32. Qxd6 Rad8 33. Qe5+ Kg8 34. Qf6 Rd2 35. Qxb6 Rb2 36. Ree7 Qa1 37. Qxg6+ 1-0


[Site "https://www.chess.com"]

[Event "Titled Tuesday Blitz March 21 Late 2023"]
[White "Shapiro, Viktor"]
[Black "monkins"]
[WhiteFideId "4175700"]
[WhiteElo "2152"]
[BlackElo "2251"]
[Result "1-0"]
[Round "02"]
[TimeControl "180+2"]
[Date "2023.03.21"]
[WhiteClock "0:00:38"]
[BlackClock "0:00:02"]

1. c4 Nf6 2. Nc3 c5 3. g3 d5 4. Bg2 d4 5. Na4 e5 6. d3 h6 7. Nf3 Nc6 8. O-O Be7 9. a3 a5 10. Qb3 Nd7 11. e3 dxe3 12. Bxe3 O-O 13. Rfe1 Qc7 14. Nc3 Nf6 15. h3 Bf5 16. Rad1 Rfd8 17. Nd5 Nxd5 18. cxd5 Nd4 19. Bxd4 exd4 20. Ne5 a4 21. Qc2 Bd6 22. Nc4 b5 23. Nd2 Qd7 24. Kh2 Rac8 25. Ne4 Bf8 26. Qe2 b4 27. Nd2 bxa3 28. bxa3 Rb8 29. Nc4 Rb3 30. g4 Bd6+ 31. Kh1 Bg6 32. Be4 Bb8 33. Qf3 Kh7 34. Qg2 Qc7 35. Rf1 1-0


[Site "https://www.chess.com"]

[Event "Titled Tuesday Blitz March 21 Late 2023"]
[White "Thiel, Thomas"]
[Black "reevecanada"]
[WhiteFideId "4615964"]
[WhiteElo "2250"]
[BlackElo "2481"]
[Result "1-0"]
[Round "02"]
[TimeControl "180+2"]
[Date "2023.03.21"]
[WhiteClock "0:00:06"]
[BlackClock "0:01:28"]

1. e4 c5 2. Nc3 d6 3. f4 Nc6 4. Nf3 g6 5. Bc4 Bg7 6. O-O e6 7. f5 Nf6 8. fxe6 fxe6 9. e5 Nxe5 10. Nxe5 dxe5 11. d3 O-O 12. Qe2 Qd4+ 13. Be3 Qg4 14. Rxf6 Qxe2 15. Rxf8+ Kxf8 16. Bxc5+ Ke8 17. Nxe2 b6 18. Bb5+ Kf7 19. Rf1+ Bf6 20. Bd6 Kg7 21. Ng3 Bb7 22. Ne4 Bxe4 23. dxe4 Rd8 24. Bb4 Rd4 25. Bc3 Rxe4 26. Bd3 Ra4 27. Re1 Rxa2 28. Bc4 Ra4 29. Bxe6 e4 30. Bxf6+ Kxf6 31. Bb3 Rb4 32. Kf2 a5 33. Ra1 Kf5 34. Ke3 Rb5 35. Ra4 Re5 36. c3 h5 37. Bc2 Rb5 38. Rxe4 Kf6 39. b4 axb4 40. Rxb4 Re5+ 41. Be4 Re6 42. Kd4 Kg5 43. Bd5 Rf6 44. c4 Kf4 45. Rb2 Kg5 46. Ke5 Rf5+ 47. Kd6 Kh4 48. Rxb6 Rf6+ 49. Be6 Rf2 50. c5 Rxg2 51. c6 Rd2+ 52. Bd5 Rxh2 53. c7 Rc2 54. Rc6 Rxc6+ 55. Kxc6 g5 56. c8=Q g4 57. Qf5 g3 58. Be6 g2 59. Qh3+ Kg5 60. Qxg2+ Kf6 61. Qh3 h4 62. Qxh4+ Kxe6 63. Qh5 Kf6 64. Kd5 Ke7 65. Ke5 Kd7 66. Qh6 Kc7 67. Qa6 Kd7 68. Qb6 Ke7 69. Qc7+ Ke8 70. Ke6 Kf8 71. Qf7# 1-0


[Site "https://www.chess.com"]

[Event "Titled Tuesday Blitz March 21 Late 2023"]
[White "Fajdetic, Hrvoje"]
[Black "cryptoguru02"]
[WhiteFideId "14501945"]
[WhiteElo "2185"]
[BlackElo "2479"]
[Result "0-1"]
[Round "02"]
[TimeControl "180+2"]
[Date "2023.03.21"]
[WhiteClock "0:00:15"]
[BlackClock "0:01:00"]

1. d4 g6 2. Nc3 Bg7 3. e4 d6 4. Be3 c6 5. Qd2 b5 6. O-O-O Nd7 7. h4 h5 8. f3 Qa5 9. Kb1 Nb6 10. Nh3 Nc4 11. Bxc4 bxc4 12. Ne2 Qa6 13. c3 Rb8 14. Ng5 Nf6 15. Nf4 Qa5 16. Ka1 O-O 17. g4 e5 18. dxe5 dxe5 19. Nxh5 gxh5 20. gxh5 Nxh5 21. Rdg1 f6 22. Nh3 Be6 23. Bh6 Kf7 24. Bxg7 Nxg7 25. f4 Bxh3 26. Rxh3 Qd8 27. h5 Qxd2 0-1


[Site "https://www.chess.com"]

[Event "Titled Tuesday Blitz March 21 Late 2023"]
[White "Lauridsen, Jesper Morch"]
[Black "Zirkelbach, Maj"]
[WhiteFideId "1401890"]
[BlackFideId "14613395"]
[WhiteElo "2247"]
[BlackElo "2138"]
[Result "0-1"]
[Round "02"]
[TimeControl "180+2"]
[Date "2023.03.21"]
[WhiteClock "0:00:04"]
[BlackClock "0:00:16"]

1. e4 e5 2. Nf3 Nc6 3. Bb5 Nf6 4. O-O Nxe4 5. d4 Nd6 6. Bxc6 dxc6 7. dxe5 Nf5 8. Qxd8+ Kxd8 9. h3 h5 10. Nc3 Ke8 11. b3 a5 12. Bb2 Be7 13. Rad1 Be6 14. a4 Rd8 15. Ne2 Bd5 16. Nfd4 Nxd4 17. Bxd4 c5 18. Bc3 c4 19. Nf4 Be4 20. Rxd8+ Bxd8 21. Bxa5 Bxc2 22. bxc4 Bxa4 23. Nd5 b6 24. Bc3 c6 25. Ne3 b5 26. Nf5 g6 27. e6 f6 28. Nd6+ Ke7 29. Bb4 Kxe6 30. Re1+ Kd7 31. Nf7 Re8 0-1


[Site "https://www.chess.com"]

[Event "Titled Tuesday Blitz March 21 Late 2023"]
[White "JackRodgers"]
[Black "olga-belka"]
[WhiteElo "2474"]
[BlackElo "2237"]
[Result "1-0"]
[Round "02"]
[TimeControl "180+2"]
[Date "2023.03.21"]
[WhiteClock "0:00:03"]
[BlackClock "0:00:01"]

1. d4 Nf6 2. Bg5 g6 3. Bxf6 exf6 4. e3 d5 5. h4 h5 6. g3 Bd6 7. Bg2 c6 8. Nd2 Bg4 9. Ne2 Nd7 10. b3 Qa5 11. O-O O-O 12. c4 Rfe8 13. c5 Bb8 14. a3 Qa6 15. Re1 b6 16. b4 bxc5 17. bxc5 Bc7 18. Nf3 Ba5 19. Rf1 Rab8 20. Nf4 Rb2 21. Nd3 Rd2 22. Qa4 Rxd3 23. Rfb1 Rc3 24. Bf1 Qc8 25. Qxa5 Bxf3 26. Qxc3 g5 27. hxg5 fxg5 28. Bg2 g4 29. Qc2 Nf6 30. Rb4 Ne4 31. Rab1 Qf5 32. Rb7 h4 33. gxh4 Bxg2 34. Kxg2 Qf3+ 35. Kg1 g3 36. fxg3 Qxe3+ 37. Kh1 Nxg3+ 38. Kg2 Ne4 39. Rg1 Re6 40. Kh1+ Kh8 41. Qg2 Rg6 42. Rb8+ 1-0


[Site "https://www.chess.com"]

[Event "Titled Tuesday Blitz March 21 Late 2023"]
[White "Bruedigam, Martin"]
[Black "2good4u734"]
[WhiteFideId "24608033"]
[WhiteElo "2331"]
[BlackElo "2229"]
[Result "1-0"]
[Round "02"]
[TimeControl "180+2"]
[Date "2023.03.21"]
[WhiteClock "0:02:28"]
[BlackClock "0:02:14"]

1. d4 f6 2. e4 g6 3. h4 Bg7 4. h5 g5 5. f4 h6 6. Bd3 e6 7. Nf3 Ne7 8. fxg5 fxg5 9. Nxg5 hxg5 10. Bxg5 c5 11. h6 Bxd4 12. Qh5+ Kf8 13. Rf1+ 1-0


[Site "https://www.chess.com"]

[Event "Titled Tuesday Blitz March 21 Late 2023"]
[White "Barria Santos, Jose Guilherme"]
[Black "Kubatko, Ivan"]
[WhiteFideId "1939300"]
[BlackFideId "24111473"]
[WhiteElo "2301"]
[BlackElo "2285"]
[Result "0-1"]
[Round "02"]
[TimeControl "180+2"]
[Date "2023.03.21"]
[WhiteClock "0:00:04"]
[BlackClock "0:01:29"]

1. d4 d5 2. c4 e6 3. Nc3 c5 4. cxd5 cxd4 5. Qxd4 Nc6 6. Qd1 exd5 7. e3 Nf6 8. Nf3 Bd6 9. Bd3 O-O 10. O-O Bg4 11. Be2 Re8 12. b3 a6 13. Bb2 Bc7 14. Re1 Qd6 15. g3 Rad8 16. Bf1 d4 17. Na4 b5 18. h3 Bh5 19. Rc1 bxa4 20. Qc2 Bxf3 21. e4 Ba5 22. Qxc6 Qxc6 23. Rxc6 Bxe1 0-1


[Site "https://www.chess.com"]

[Event "Titled Tuesday Blitz March 21 Late 2023"]
[White "Donskov, Anatoly"]
[Black "Fernandez Hernandez, Gerardo"]
[WhiteFideId "24143413"]
[BlackFideId "2207400"]
[WhiteElo "2247"]
[BlackElo "2226"]
[Result "1-0"]
[Round "02"]
[TimeControl "180+2"]
[Date "2023.03.21"]
[WhiteClock "0:02:21"]
[BlackClock "0:02:28"]

1. e4 e6 2. d4 d5 3. Nc3 Nc6 4. Nf3 Nf6 5. Bd3 Bb4 6. e5 Ne4 7. Bd2 Nxd2 8. Qxd2 f6 9. a3 Bxc3 10. bxc3 fxe5 11. dxe5 O-O 12. O-O Rxf3 13. gxf3 Nxe5 14. Qf4 Qg5+ 15. Qxg5 Nxf3+ 16. Kg2 Nxg5 17. f4 Ne4 18. Bxe4 dxe4 19. Rad1 Bd7 20. Rxd7 1-0


[Site "https://www.chess.com"]

[Event "Titled Tuesday Blitz March 21 Late 2023"]
[White "Guliev, Logman"]
[Black "Dylag, Emilia"]
[WhiteFideId "13400061"]
[BlackFideId "21805172"]
[WhiteElo "2161"]
[BlackElo "1878"]
[Result "1-0"]
[Round "02"]
[TimeControl "180+2"]
[Date "2023.03.21"]
[WhiteClock "0:00:59"]
[BlackClock "0:00:09"]

1. e4 e6 2. d4 d5 3. Nc3 dxe4 4. Nxe4 Nd7 5. Nf3 Ngf6 6. Nxf6+ Nxf6 7. Bd3 c5 8. Bg5 cxd4 9. Qe2 Bb4+ 10. Nd2 O-O 11. O-O-O h6 12. Bh4 g5 13. Bg3 Qa5 14. Kb1 Nd5 15. Nb3 Qa4 16. Qe4 f5 17. Qxd4 Bd7 18. c4 Nf6 19. Be5 Ng4 20. Bh8 Rf7 21. h4 Re8 22. Be5 Bc6 23. hxg5 Rd7 24. Qf4 Red8 25. gxh6 Rxd3 26. Rxd3 Rxd3 27. h7+ Kf7 28. h8=Q Be4 29. Rh7+ Kg6 30. Qg7# 1-0


[Site "https://www.chess.com"]

[Event "Titled Tuesday Blitz March 21 Late 2023"]
[White "Ardila, Oscar Humberto"]
[Black "Dudzinski, Pawel"]
[WhiteFideId "4404742"]
[BlackFideId "1117890"]
[WhiteElo "1911"]
[BlackElo "2099"]
[Result "0-1"]
[Round "02"]
[TimeControl "180+2"]
[Date "2023.03.21"]
[WhiteClock "0:00:15"]
[BlackClock "0:00:17"]

1. d4 d5 2. Nf3 c6 3. e3 f5 4. Be2 e6 5. O-O Nf6 6. Ne5 Be7 7. f4 O-O 8. Nd2 Bd7 9. Ndf3 Be8 10. c3 Bh5 11. b3 Bxf3 12. Bxf3 Nbd7 13. a4 Nxe5 14. fxe5 Nd7 15. Ba3 Bxa3 16. Rxa3 Qe7 17. Ra2 c5 18. Raf2 Rac8 19. Qd2 Rc7 20. Bd1 Rfc8 21. Rf3 cxd4 22. exd4 Kh8 23. Rg3 Nf8 24. Rff3 Ng6 25. Rg5 Nf8 26. Rh5 g6 27. Rh6 Qg7 28. Rfh3 g5 29. g4 fxg4 30. Bxg4 Qf7 31. Rf6 Qg7 32. Rhf3 Ng6 33. Bxe6 Rd8 34. Qxg5 Nh4 35. Qxg7+ Rxg7+ 36. Rg3 Ng6 37. Bf5 Ne7 38. Be6 Ng6 39. Rf7 Rxf7 40. Bxf7 Nf4 41. Kf2 Rf8 42. e6 Nxe6 43. Ke3 Rxf7 44. Rg5 Nxg5 0-1


[Site "https://www.chess.com"]

[Event "Titled Tuesday Blitz March 21 Late 2023"]
[White "Khatena, Moshe"]
[Black "Gonzalez, Francisco Silva"]
[WhiteFideId "2010461"]
[BlackFideId "1512285"]
[WhiteElo "2219"]
[BlackElo "2074"]
[Result "0-1"]
[Round "02"]
[TimeControl "180+2"]
[Date "2023.03.21"]
[WhiteClock "0:02:07"]
[BlackClock "0:02:06"]

1. g4 d5 2. Bg2 c6 3. c4 dxc4 4. Na3 e5 5. Nxc4 Qd4 6. d3 Qxg4 7. Kf1 Qe6 8. Nf3 Nd7 9. b3 h6 10. Bb2 Ngf6 11. Ncxe5 Nxe5 12. Nxe5 Bd6 13. Nc4 Bc5 14. d4 Bb4 15. e4 Nxe4 16. Bxe4 Qxe4 17. Qe2 Bh3+ 18. Kg1 Qxe2 0-1


[Site "https://www.chess.com"]

[Event "Titled Tuesday Blitz March 21 Late 2023"]
[White "Elaisaz"]
[Black "Tymrakiewicz, Rafal"]
[BlackFideId "1108832"]
[WhiteElo "2196"]
[BlackElo "2151"]
[Result "1-0"]
[Round "02"]
[TimeControl "180+2"]
[Date "2023.03.21"]
[WhiteClock "0:00:04"]
[BlackClock "0:00:01"]

1. e4 Nf6 2. e5 Nd5 3. c4 Nb6 4. d4 d6 5. exd6 cxd6 6. Nc3 g6 7. Be3 Bg7 8. h3 O-O 9. Nf3 Bf5 10. Be2 d5 11. c5 Nc4 12. Bf4 Nc6 13. b3 N4a5 14. O-O b6 15. b4 Nxb4 16. Nb5 bxc5 17. a3 Nbc6 18. Rc1 c4 19. Ne5 Nxe5 20. dxe5 Nb3 21. Rc3 Qa5 22. Qxd5 a6 23. Qxc4 Qxb5 24. Qxb3 Qxb3 25. Rxb3 a5 26. Rb7 Rfe8 27. Bf3 1-0


[Site "https://www.chess.com"]

[Event "Titled Tuesday Blitz March 21 Late 2023"]
[White "Fernandez, Maria Florencia"]
[Black "lisjakzlatko1"]
[WhiteFideId "116459"]
[WhiteElo "2155"]
[BlackElo "2190"]
[Result "1-0"]
[Round "02"]
[TimeControl "180+2"]
[Date "2023.03.21"]
[WhiteClock "0:00:02"]
[BlackClock "0:00:03"]

1. d4 d6 2. c4 e5 3. Nc3 exd4 4. Qxd4 Nc6 5. Qd1 g6 6. Nf3 Bg7 7. g3 Nge7 8. Bg2 O-O 9. O-O Be6 10. Nd5 h6 11. Rb1 a5 12. b3 Qd7 13. Bb2 Ne5 14. Nxe5 dxe5 15. Nxe7+ Qxe7 16. Bxb7 Ra7 17. Bg2 a4 18. Qc2 a3 19. Bc3 Qc5 20. Rbd1 c6 21. Rd2 h5 22. Rfd1 h4 23. Rd6 Rc7 24. Qc1 hxg3 25. hxg3 Bg4 26. Qd2 Re8 27. Bb4 Qa7 28. Rxc6 Rd7 29. Rd6 Red8 30. Bf3 Bxf3 31. exf3 Rxd6 32. Bxd6 Qb7 33. Qd5 Qc8 34. c5 Qh3 35. Qe4 Qe6 36. Qd5 Qf5 37. b4 Bf8 38. b5 Qh3 39. b6 e4 40. Qxe4 Qc8 41. b7 Qd7 42. c6 Qh3 43. c7 Bxd6 44. cxd8=Q+ Kh7 45. Qxd6 1-0


[Site "https://www.chess.com"]

[Event "Titled Tuesday Blitz March 21 Late 2023"]
[White "salgadoLO"]
[Black "Tworuszka, Michal"]
[BlackFideId "1117858"]
[WhiteElo "2186"]
[BlackElo "2447"]
[Result "0-1"]
[Round "02"]
[TimeControl "180+2"]
[Date "2023.03.21"]
[WhiteClock "0:00:01"]
[BlackClock "0:00:19"]

1. d4 Nf6 2. Bg5 Ne4 3. Bh4 c5 4. f3 Qa5+ 5. c3 g5 6. fxe4 gxh4 7. d5 d6 8. Nd2 b5 9. Ngf3 h3 10. g3 Bh6 11. a4 b4 12. Nc4 Qc7 13. e5 O-O 14. Qd3 Ba6 15. Qe4 Bxc4 16. Qxc4 dxe5 17. Bxh3 Nd7 18. Qg4+ Kh8 19. Qxd7 Qb6 20. Qf5 bxc3 21. bxc3 c4 22. Kf1 f6 23. Kg2 Qe3 24. Rae1 Rab8 25. Qc2 Rb3 26. Bf5 Rfb8 27. Bxh7 Rb2 28. Qe4 R8b3 29. Qxe3 Bxe3 30. Be4 Rxc3 31. Nh4 Ra3 32. Nf5 Bd2 33. Rb1 c3 34. Rxb2 cxb2 35. Nxe7 Bc1 36. d6 Re3 37. d7 Rxe2+ 38. Kh3 Rd2 39. Nd5 Rxd5 40. Bxd5 b1=Q 41. d8=Q+ Kg7 42. Qg8+ Kh6 0-1


[Site "https://www.chess.com"]

[Event "Titled Tuesday Blitz March 21 Late 2023"]
[White "Torres Dominguez, David"]
[Black "Przybylski, Wojciech"]
[WhiteFideId "2220857"]
[BlackFideId "1117599"]
[WhiteElo "1999"]
[BlackElo "2222"]
[Result "1-0"]
[Round "02"]
[TimeControl "180+2"]
[Date "2023.03.21"]
[WhiteClock "0:00:10"]
[BlackClock "0:00:03"]

1. e4 c5 2. Nc3 e6 3. f4 f5 4. exf5 exf5 5. Bc4 Nf6 6. Qe2+ Be7 7. Nd5 Nxd5 8. Bxd5 Nc6 9. c3 Qc7 10. d3 d6 11. Nf3 Bd7 12. O-O O-O-O 13. a3 Bf6 14. Bd2 Rde8 15. Qf2 Ne7 16. Bf7 Ref8 17. Ba2 Bb5 18. c4 Bd7 19. Bc3 Nc6 20. Bxf6 gxf6 21. b4 cxb4 22. d4 b3 23. Bxb3 Re8 24. d5 Na5 25. Qb2 Re3 26. Qxf6 Rg8 27. Bc2 Re2 28. Rf2 Rxf2 29. Kxf2 Qc5+ 30. Qd4 Nxc4 31. Qxc5+ dxc5 32. Rc1 Nd6 33. Ne5 b6 34. Bd3 Kd8 35. g3 h6 36. a4 Kc7 37. a5 Rb8 38. Ng6 Be8 39. Ne7 Kd8 40. Nxf5 Bg6 41. Nxd6 Bxd3 42. axb6 axb6 43. Nf7+ Ke7 44. Ne5 Be4 45. Nc6+ Kd6 46. Nxb8 Bxd5 47. Rd1 b5 48. f5 b4 49. f6 c4 50. Rxd5+ Ke6 51. Rf5 Kf7 52. Nd7 b3 53. Ne5+ Ke6 54. Nxc4 b2 55. Nxb2 Kxf5 56. f7 Kg4 57. f8=Q h5 58. Qf4+ Kh3 59. Qh4# 1-0


[Site "https://www.chess.com"]

[Event "Titled Tuesday Blitz March 21 Late 2023"]
[White "aidenzhouu"]
[Black "Jimenez Fernandez, Rebeca"]
[BlackFideId "32070934"]
[WhiteElo "2445"]
[BlackElo "2008"]
[Result "1-0"]
[Round "02"]
[TimeControl "180+2"]
[Date "2023.03.21"]
[WhiteClock "0:01:13"]
[BlackClock "0:00:04"]

1. d4 d5 2. c4 c6 3. Nf3 Nf6 4. e3 Bg4 5. Nc3 e6 6. h3 Bxf3 7. Qxf3 Bd6 8. Bd3 Nbd7 9. O-O O-O 10. e4 dxe4 11. Nxe4 Nxe4 12. Qxe4 Nf6 13. Qf3 e5 14. Bg5 exd4 15. Qf5 Re8 16. Bxf6 Qxf6 17. Qxh7+ Kf8 18. Rfe1 Be5 19. Qh8+ Ke7 20. Qh5 Kd7 21. Re4 Bd6 22. Rae1 Bb4 23. Qg4+ Re6 24. Rxe6 fxe6 25. Rxe6 Qxe6 26. Bf5 Re8 27. Bxe6+ Rxe6 28. Qxd4+ Bd6 29. Qxg7+ Re7 30. Qg4+ Kc7 31. g3 b6 32. Kg2 Bc5 33. h4 Rf7 34. Qe2 1-0


[Site "https://www.chess.com"]

[Event "Titled Tuesday Blitz March 21 Late 2023"]
[White "Hartikainen, Jarmo"]
[Black "Grot, Blazej"]
[WhiteFideId "503134"]
[BlackFideId "21835845"]
[WhiteElo "2176"]
[BlackElo "1823"]
[Result "0-1"]
[Round "02"]
[TimeControl "180+2"]
[Date "2023.03.21"]
[WhiteClock "0:00:05"]
[BlackClock "0:00:46"]

1. e4 d6 2. d4 Nf6 3. Nc3 c6 4. Be2 e5 5. Be3 Qa5 6. f3 Be7 7. g4 b5 8. a3 Qb6 9. h4 a5 10. h5 Bb7 11. Qd2 Qc7 12. g5 Nfd7 13. Nh3 O-O 14. g6 b4 15. gxh7+ Kxh7 16. Nd1 bxa3 17. bxa3 Bh4+ 18. Ndf2 exd4 19. Bxd4 c5 20. Be3 Ba6 21. Ng5+ Bxg5 22. Bxg5 Bxe2 23. Kxe2 Ne5 24. h6 g6 25. Qf4 f5 26. Qh4 Nbc6 27. c3 Rab8 28. Rab1 fxe4 29. Nxe4 Nxf3 30. Qg4 Rbe8 31. Bd8 Nxd8 32. Kd1 Qe7 33. Rb7 Nxb7 0-1


[Site "https://www.chess.com"]

[Event "Titled Tuesday Blitz March 21 Late 2023"]
[White "lluiss"]
[Black "Baches Garcia, Guillermo"]
[BlackFideId "2209764"]
[WhiteElo "2169"]
[BlackElo "2433"]
[Result "1/2-1/2"]
[Round "02"]
[TimeControl "180+2"]
[Date "2023.03.21"]
[WhiteClock "0:01:03"]
[BlackClock "0:01:25"]

1. Nf3 d5 2. d4 Nf6 3. c4 e6 4. cxd5 Nxd5 5. e4 Bb4+ 6. Bd2 Bxd2+ 7. Qxd2 Nb6 8. Nc3 O-O 9. Bd3 Qe7 10. O-O Rd8 11. Qe3 Bd7 12. Rfe1 Nc6 13. e5 Be8 14. Ne4 h6 15. Rac1 Nb4 16. Bb1 N4d5 17. Qd2 Rac8 18. Nc5 c6 19. Qd3 g6 20. Qd2 Kg7 21. Ne4 Rc7 22. Red1 Nc8 23. a3 b6 24. Qe2 Qd7 25. Ba2 Qe7 26. Rc2 a5 27. Rdc1 Qd7 28. h4 Qe7 29. Bb3 Ra7 30. Ba4 b5 31. Bb3 a4 32. Bxd5 Rxd5 33. Nf6 Nb6 34. Nxd5 Nxd5 35. g3 Rb7 36. Qd2 b4 37. Rc5 bxa3 38. bxa3 Rb3 1/2-1/2


[Site "https://www.chess.com"]

[Event "Titled Tuesday Blitz March 21 Late 2023"]
[White "Piriflillo"]
[Black "Vadim_Galchenko"]
[WhiteElo "2432"]
[BlackElo "2154"]
[Result "1-0"]
[Round "02"]
[TimeControl "180+2"]
[Date "2023.03.21"]
[WhiteClock "0:00:34"]
[BlackClock "0:00:08"]

1. d4 d5 2. c4 Nc6 3. cxd5 Qxd5 4. e3 e5 5. Nc3 Bb4 6. Bd2 Bxc3 7. Bxc3 exd4 8. exd4 Nf6 9. Nf3 O-O 10. Be2 Bg4 11. O-O Rfe8 12. h3 Bh5 13. g4 Rxe2 14. Qxe2 Nxg4 15. hxg4 Bxg4 16. Rfe1 h6 17. Kg2 Qh5 18. Rh1 Qg6 19. Rag1 f5 20. Qc4+ Kh7 21. Kf1 Re8 22. Ne5 Nxe5 23. dxe5 Rd8 24. f3 Rd1+ 25. Be1 Bh3+ 26. Ke2 Rxe1+ 27. Kxe1 1-0


[Site "https://www.chess.com"]